Monarchs vs Condors
Created - March 6, 2021 at 19:37
Goals
|
Monarchs |
1 |
3 |
0 |
0 |
4 |
Condors |
1 |
2 |
1 |
1 |
5 |
|
Shots
|
Monarchs |
9 |
11 |
19 |
1 |
40 |
Condors |
19 |
17 |
7 |
2 |
45 |
|
1st period
1. Condors , Alex Tuch 16 (Nail Yakupov 27, Mark Jankowski 23) at 6:54
2. Monarchs , Denis Gurianov 13 (Teemu Hartikainen 14, Markus Nutivaara 26) at 17:41
Penalties :
No Penalty
2nd period
3. Monarchs , Travis Konecny 26 (Riley Armstrong 22) at 8:09
4. Condors , Nail Yakupov 49 (Carl Gunnarsson 32) at 13:18
5. Monarchs , Travis Konecny 27 (Riley Armstrong 23) at 13:32
6. Condors , Daniel Zaar 24 (Louis Leblanc 11) at 17:19
7. Monarchs , Daultan Leveillé 25 (Mikko Rantanen 27, Max Domi 27) at 18:42
Penalties :
Connor Hurley (Bak) for High sticking (Minor) at 2:47, Jordan Greenway (MAN) for Roughing (Minor) at 5:41, Markus Nutivaara (MAN) for Holding (Minor) at 8:31, Denis Gurianov (MAN) for Interference (Minor) at 14:34
3rd period
8. Condors , Mikko Lehtonen 15 (Eric Gustafsson 40, Andrew Mangiapane 25) at 13:39
Penalties :
No Penalty
Overtime #1
9. Condors , Anton Slepyshev 29 (Carl Gunnarsson 33, Eric Gustafsson 41) at 3:23
Penalties :
No Penalty
Goalie Stats
Elvis Merzlikins (MAN), 40 saves from 45 shots - (0.889), OTL, 18-12-3, 63:23 minutes
Ilya Samsonov (Bak), 36 saves from 40 shots - (0.900), W, 8-12-2, 63:23 minutes
Players Stats for Monarchs
Player Name G A P +/- PIM S H SB GA TA FO MP PP MP PK MP
------------------------------------------------------------------------------------
Alex Iafallo 0 0 0 1 0 5 1 0 0 0 1/2 15:49 0:49 0:15
Andy Andreoff 0 0 0 -3 0 2 1 1 0 0 3/6 10:15 0:00 1:18
Daultan Leveillé 1 0 1 1 0 2 3 0 0 1 10/24 20:09 0:00 1:27
Denis Gurianov 1 0 1 0 2 1 0 0 0 0 0/0 13:10 0:49 0:00
Jeff Petry 0 0 0 -1 0 2 0 3 0 0 0/0 11:52 0:00 2:11
Joel Vermin 0 0 0 0 0 0 0 0 0 0 0/0 0:19 0:00 0:00
Jordan Greenway 0 0 0 -2 2 1 0 0 1 0 0/1 8:12 0:00 0:00
Josh Anderson 0 0 0 -2 0 0 1 0 0 1 0/0 8:12 0:00 0:00
Josh Manson 0 0 0 1 0 1 1 3 0 3 0/0 22:56 0:00 3:46
Kurtis Macdermid 0 0 0 -1 0 0 1 0 0 0 0/0 5:49 0:00 0:00
Markus Nutivaara 0 1 1 1 2 1 2 0 1 0 0/0 21:44 1:26 0:00
Matt Roy 0 0 0 -1 0 1 0 1 0 0 0/0 5:59 0:00 0:00
Max Domi 0 1 1 0 0 5 1 0 0 0 1/2 20:08 1:10 0:00
Mike Amadio 0 0 0 0 0 1 0 0 0 1 4/10 15:33 0:49 3:30
Mikko Rantanen 0 1 1 1 0 4 1 0 1 0 0/2 19:42 1:10 0:00
Noah Hanifin 0 0 0 -2 0 0 0 1 0 0 0/0 10:43 0:33 0:00
Riley Armstrong 0 2 2 1 0 3 3 0 0 0 9/15 17:11 0:00 1:57
Roman Josi 0 0 0 0 0 4 0 2 0 0 0/0 25:12 0:33 3:46
Teemu Hartikainen 0 1 1 0 0 1 3 0 0 1 1/1 14:41 0:00 3:27
Travis Konecny 2 0 2 1 0 5 0 0 0 0 1/2 17:25 1:10 0:00
Zach Werenski 0 0 0 1 0 1 0 1 0 1 0/0 22:31 1:26 2:11
Players Stats for Condors
Player Name G A P +/- PIM S H SB GA TA FO MP PP MP PK MP
------------------------------------------------------------------------------------
Alex Tuch 1 0 1 0 0 2 2 0 0 0 1/2 18:43 3:10 0:00
Andrew Mangiapane 0 1 1 0 0 2 0 0 0 1 0/0 12:58 0:06 0:31
Anton Slepyshev 1 0 1 0 0 5 1 0 3 0 1/1 20:33 2:41 0:00
Brett Lernout 0 0 0 3 0 0 2 0 0 0 0/0 11:00 0:00 0:06
C.J Suess 0 0 0 1 0 2 1 1 0 0 0/0 8:17 0:00 0:00
Carl Gunnarsson 0 2 2 0 0 4 4 2 0 0 0/0 26:55 3:42 0:37
Chris Bigras 0 0 0 1 0 0 1 0 0 0 0/0 15:30 2:15 0:37
Connor Hurley 0 0 0 1 2 0 0 0 0 0 5/5 8:31 0:00 0:00
Daniel Zaar 1 0 1 0 0 3 0 0 0 0 0/2 12:46 0:00 0:34
Eric Gustafsson 0 2 2 -1 0 2 1 0 1 0 0/0 26:31 2:15 1:16
Erik Cernak 0 0 0 1 0 0 0 0 0 0 0/0 5:04 0:00 0:00
Gustav Olofsson 0 0 0 0 0 0 0 0 0 0 0/0 5:20 0:00 0:06
Kasperi Kapanen 0 0 0 -1 0 5 2 1 1 0 2/3 19:42 2:41 0:00
Louis Leblanc 0 1 1 0 0 3 4 0 1 1 4/6 13:54 0:06 0:37
Mark Jankowski 0 1 1 1 0 3 5 0 1 0 6/11 18:58 2:41 1:08
Mikko Lehtonen 1 0 1 1 0 1 1 0 0 0 0/0 8:37 0:06 0:00
Nail Yakupov 1 1 2 0 0 4 0 0 0 0 0/0 20:06 3:10 1:08
Olli Maatta 0 0 0 -1 0 0 0 2 0 1 0/0 16:10 0:00 1:16
Tyler Bozak 0 0 0 -1 0 8 0 1 0 0 16/35 21:41 3:10 0:00
Zac Leslie 0 0 0 -1 0 1 0 1 1 0 0/0 20:16 3:42 0:00
3 Stars
1 - Travis Konecny (MAN)
2 - Carl Gunnarsson (Bak)
3 - Nail Yakupov (Bak)
Power Play
Monarchs - 0 on 1 Attempt(s) - 0.00%
Condors - 0 on 3 Attempt(s) - 0.00%
Penalty Kill
Monarchs - 3 on 3 Attempt(s) - 100.00%
- Score 0 goal in Penalty Kill
Condors - 1 on 1 Attempt(s) - 100.00%
- Score 0 goal in Penalty Kill
Team Stat
Monarchs - Hits : 18 - Faceoff Wins : 30 - Blocked Shots : 12 - Penalty Minutes : 6
Condors - Hits : 24 - Faceoff Wins : 35 - Blocked Shots : 8 - Penalty Minutes : 2
Official
Referees : Unknown
Linesman : Unknown
Game Notes
No Game Note
Finance
Level 1 -- Attendance: 1267 (63.35%) -- Ticket Income $50,680
Level 2 -- Attendance: 707 (70.70%) -- Ticket Income $14,140
Total Attendance: 1974 (65.80%)
Total Ticket Income: $64,820
Other Income: $3,241
Total Income: $68,061
Monarchs
5 vs 5 Forward
Center Left Wing Right Wing Time % Phy DF OF
1 Daultan Leveillé Max Domi Mikko Rantanen 40 1 2 2
2 Riley Armstrong Alex Iafallo Travis Konecny 35 1 2 2
3 Mike Amadio Teemu Hartikainen Denis Gurianov 20 1 2 2
4 Andy Andreoff Jordan Greenway Josh Anderson 5 1 2 2
5 vs 5 Defense
Defense Defense Time % Phy DF OF
1 Josh Manson Zach Werenski 35 2 2 1
2 Roman Josi Markus Nutivaara 35 2 2 1
3 Jeff Petry Noah Hanifin 20 2 2 1
4 Kurtis Macdermid Matt Roy 10 2 2 1
PowerPlay Forward
Center Left Wing Right Wing Time % Phy DF OF
1 Mikko Rantanen Max Domi Travis Konecny 60 1 2 2
2 Mike Amadio Alex Iafallo Denis Gurianov 40 1 2 2
PowerPlay Defense
Defense Defense Time % Phy DF OF
1 Markus Nutivaara Zach Werenski 60 0 2 3
2 Noah Hanifin Roman Josi 40 0 2 3
Penalty Kill 4 Players Forward
Center Wing Time % Phy DF OF
1 Mike Amadio Teemu Hartikainen 60 1 2 2
2 Daultan Leveillé Riley Armstrong 40 1 2 2
Penalty Kill 4 Players Defense
Defense Defense Time % Phy DF OF
1 Roman Josi Josh Manson 60 1 2 2
2 Jeff Petry Zach Werenski 40 1 2 2
Penalty Kill - 3 Players Forward
Forward Time % Phy DF OF
1 Daultan Leveillé 60 1 2 2
2 Mike Amadio 40 1 2 2
Penalty Kill - 3 Players Defense
Defense Defense Time % Phy DF OF
1 Josh Manson Roman Josi 60 1 2 2
2 Jeff Petry Zach Werenski 40 1 2 2
4 vs 4 Forward
Center Wing Time % Phy DF OF
1 Max Domi Daultan Leveillé 60 1 2 2
2 Mikko Rantanen Travis Konecny 40 1 2 2
4 vs 4 Defense
Defense Defense Time % Phy DF OF
1 Roman Josi Zach Werenski 60 1 2 2
2 Josh Manson Markus Nutivaara 40 1 2 2
Last Minutes Offensive
Center Left Wing Right Wing Defense Defense
Daultan Leveillé Max Domi Mikko Rantanen Markus Nutivaara Zach Werenski
Last Minutes Defensive
Center Left Wing Right Wing Defense Defense
Daultan Leveillé Teemu Hartikainen Joel Vermin Roman Josi Josh Manson
Goaltenders
Starting : Elvis Merzlikins
Backup : Jake Allen
Extra Forwards
Normal : Mikko Rantanen, Travis Konecny, Denis Gurianov - PP : Jordan Greenway, Riley Armstrong - PK : Andy Andreoff
Extra Defensemen
Normal : Zach Werenski, Josh Manson, Roman Josi - PP : Matt Roy - PK : Markus Nutivaara, Matt Roy
Penalty Shots
Travis Konecny, Mikko Rantanen, Daultan Leveillé, Alex Iafallo, Max Domi
Scratches
Jacob Josefson (Healthy), Jordan Weal (Healthy), Jacob Larsson (Healthy), Dmitri Orlov (Healthy), Blake Lizotte (Healthy)
Bokondji Imama (Healthy), Derek Forbort (Healthy), Cal Petersen (Healthy)
Condors
5 vs 5 Forward
Center Left Wing Right Wing Time % Phy DF OF
1 Tyler Bozak Anton Slepyshev Kasperi Kapanen 40 1 2 2
2 Mark Jankowski Alex Tuch Nail Yakupov 30 1 2 2
3 Louis Leblanc Andrew Mangiapane Daniel Zaar 20 1 2 2
4 Connor Hurley C.J Suess Mikko Lehtonen 10 1 2 2
5 vs 5 Defense
Defense Defense Time % Phy DF OF
1 Carl Gunnarsson Eric Gustafsson 40 1 2 2
2 Zac Leslie Olli Maatta 30 1 2 2
3 Chris Bigras Brett Lernout 20 1 2 2
4 Gustav Olofsson Erik Cernak 10 1 2 2
PowerPlay Forward
Center Left Wing Right Wing Time % Phy DF OF
1 Tyler Bozak Alex Tuch Nail Yakupov 60 1 2 2
2 Mark Jankowski Anton Slepyshev Kasperi Kapanen 40 1 2 2
PowerPlay Defense
Defense Defense Time % Phy DF OF
1 Carl Gunnarsson Zac Leslie 60 1 2 2
2 Chris Bigras Eric Gustafsson 40 1 2 2
Penalty Kill 4 Players Forward
Center Wing Time % Phy DF OF
1 Mark Jankowski Nail Yakupov 60 1 2 2
2 Louis Leblanc Daniel Zaar 40 1 2 2
Penalty Kill 4 Players Defense
Defense Defense Time % Phy DF OF
1 Olli Maatta Eric Gustafsson 60 1 2 2
2 Carl Gunnarsson Chris Bigras 40 1 2 2
Penalty Kill - 3 Players Forward
Forward Time % Phy DF OF
1 Tyler Bozak 60 1 2 2
2 Nail Yakupov 40 1 2 2
Penalty Kill - 3 Players Defense
Defense Defense Time % Phy DF OF
1 Carl Gunnarsson Eric Gustafsson 60 1 2 2
2 Zac Leslie Olli Maatta 40 1 2 2
4 vs 4 Forward
Center Wing Time % Phy DF OF
1 Tyler Bozak Nail Yakupov 60 1 2 2
2 Mark Jankowski Anton Slepyshev 40 1 2 2
4 vs 4 Defense
Defense Defense Time % Phy DF OF
1 Carl Gunnarsson Eric Gustafsson 60 1 2 2
2 Zac Leslie Chris Bigras 40 1 2 2
Last Minutes Offensive
Center Left Wing Right Wing Defense Defense
Tyler Bozak Anton Slepyshev Nail Yakupov Carl Gunnarsson Eric Gustafsson
Last Minutes Defensive
Center Left Wing Right Wing Defense Defense
Tyler Bozak Anton Slepyshev Nail Yakupov Carl Gunnarsson Eric Gustafsson
Goaltenders
Starting : Ilya Samsonov
Backup : Mark Visentin
Extra Forwards
Normal : Louis Leblanc, Alex Tuch, Daniel Zaar - PP : Louis Leblanc, Alex Tuch - PK : Daniel Zaar
Extra Defensemen
Normal : Erik Cernak, Brett Lernout, Gustav Olofsson - PP : Erik Cernak - PK : Brett Lernout, Gustav Olofsson
Penalty Shots
Tyler Bozak, Nail Yakupov, Daniel Zaar, Mark Jankowski, Anton Slepyshev
Scratches
Emil Djuse (Healthy), Caleb Jones (Healthy), Nick Merkley (Healthy), Christian Thomas (Healthy), Cole Cassels (Healthy)
Jordan Subban (Healthy), Jeremy Gregoire (Healthy), Remi Elie (Healthy), Adam Erne (Healthy), Brett Ritchie (Healthy)
Frederik Gauthier (Bruised Left Arm Injury), Anders Bjork (Healthy), Hunter Smith (Healthy), Jack Campbell (Healthy)
% Time on Ice - Monarchs
Lines # - Real PCT - Wanted PCT - Time Play
Normal Forward
1 - 34% - 40% - 17:55
2 - 28% - 35% - 14:44
3 - 22% - 20% - 11:13
4 - 16% - 5% - 8:12
Normal Defense
1 - 35% - 35% - 17:58
2 - 36% - 35% - 18:36
3 - 19% - 20% - 9:41
4 - 11% - 10% - 5:49
PP Forward
1 - 59% - 60% - 1:10
2 - 41% - 40% - 0:49
PP Defense
1 - 72% - 60% - 1:26
2 - 28% - 40% - 0:33
PK Forward
1 - 76% - 60% - 4:30
2 - 24% - 40% - 1:27
PK Defense
1 - 63% - 60% - 3:46
2 - 37% - 40% - 2:11
PK3 Forward
1 - 0% - 60%
2 - 0% - 40%
PK3 Defense
1 - 0% - 60%
2 - 0% - 40%
44 Forward
1 - 91% - 60% - 3:04
2 - 9% - 40% - 0:19
44 Defense
1 - 57% - 60% - 1:56
2 - 43% - 40% - 1:27
Last Minute Offensive - 0:00
Last Minute Defensive - 0:00
Total
Forward - 63:23
Defense - 63:23
|
% Time on Ice - Condors
Lines # - Real PCT - Wanted PCT - Time Play
Normal Forward
1 - 34% - 40% - 17:56
2 - 27% - 30% - 14:18
3 - 22% - 20% - 11:33
4 - 16% - 10% - 8:17
Normal Defense
1 - 40% - 40% - 20:59
2 - 30% - 30% - 15:32
3 - 20% - 20% - 10:34
4 - 10% - 10% - 4:59
PP Forward
1 - 55% - 60% - 3:16
2 - 45% - 40% - 2:41
PP Defense
1 - 62% - 60% - 3:42
2 - 38% - 40% - 2:15
PK Forward
1 - 83% - 60% - 1:39
2 - 17% - 40% - 0:20
PK Defense
1 - 69% - 60% - 1:22
2 - 31% - 40% - 0:37
PK3 Forward
1 - 0% - 60%
2 - 0% - 40%
PK3 Defense
1 - 0% - 60%
2 - 0% - 40%
44 Forward
1 - 75% - 60% - 2:32
2 - 25% - 40% - 0:51
44 Defense
1 - 55% - 60% - 1:52
2 - 45% - 40% - 1:31
Last Minute Offensive - 0:00
Last Minute Defensive - 0:00
Total
Forward - 63:23
Defense - 63:23
|
Play-by-Play
1st period
0:01 of 1st period - Tyler Bozak wins face-off versus Daultan Leveillé in neutral zone.
0:10 of 1st period - Snap shot by Kasperi Kapanen.
0:10 of 1st period - Shot Misses the Net.
0:12 of 1st period - Wrist shot by Eric Gustafsson.
0:12 of 1st period - Deflect By Tyler Bozak.
0:12 of 1st period - Stopped by Elvis Merzlikins with a rebound.
0:14 of 1st period - Slapshot by Carl Gunnarsson.
0:14 of 1st period - Deflect By Zach Werenski.
0:14 of 1st period - Stopped by Elvis Merzlikins with a rebound.
0:16 of 1st period - Wrist shot by Tyler Bozak.
0:16 of 1st period - Stopped by Elvis Merzlikins with a rebound.
0:51 of 1st period - Snap shot by Daniel Zaar.
0:51 of 1st period - Stopped by Elvis Merzlikins without a rebound.
0:52 of 1st period - Andy Andreoff wins face-off versus Daniel Zaar in Monarchs zone.
0:52 of 1st period - Andy Andreoff is hit by Louis Leblanc.
0:59 of 1st period - Off-side.
1:00 of 1st period - Connor Hurley wins face-off versus Andy Andreoff in neutral zone.
1:30 of 1st period - Josh Anderson is hit by C.J Suess and loses puck.
1:59 of 1st period - Wrist shot by C.J Suess.
1:59 of 1st period - Shot Misses the Net.
2:09 of 1st period - Wrist shot by Andy Andreoff.
2:09 of 1st period - Stopped by Ilya Samsonov with a rebound.
2:21 of 1st period - Gustav Olofsson is hit by Andy Andreoff and loses puck.
2:56 of 1st period - Wrist shot by Noah Hanifin.
2:56 of 1st period - Shot Blocked by C.J Suess.
2:58 of 1st period - Slapshot by Jeff Petry.
2:58 of 1st period - Shot Misses the Net.
3:00 of 1st period - Slapshot by Jeff Petry.
3:00 of 1st period - Stopped by Ilya Samsonov without a rebound.
3:01 of 1st period - Daultan Leveillé wins face-off versus Kasperi Kapanen in Condors zone.
3:26 of 1st period - Tyler Bozak is hit by Teemu Hartikainen and loses puck.
3:49 of 1st period - Off-side.
3:50 of 1st period - Riley Armstrong wins face-off versus Mark Jankowski in neutral zone.
4:24 of 1st period - Snap shot by Daultan Leveillé.
4:24 of 1st period - Stopped by Ilya Samsonov without a rebound.
4:25 of 1st period - Daultan Leveillé wins face-off versus Tyler Bozak in Condors zone.
5:12 of 1st period - Carl Gunnarsson is hit by Teemu Hartikainen and loses puck.
5:31 of 1st period - Wrist shot by Anton Slepyshev.
5:31 of 1st period - Deflect By Kasperi Kapanen.
5:31 of 1st period - Stopped by Elvis Merzlikins with a rebound.
5:33 of 1st period - Snap shot by Anton Slepyshev.
5:33 of 1st period - Stopped by Elvis Merzlikins without a rebound.
5:34 of 1st period - Daultan Leveillé wins face-off versus Mark Jankowski in Monarchs zone.
5:55 of 1st period - Snap shot by Anton Slepyshev.
5:55 of 1st period - Stopped by Elvis Merzlikins with a rebound.
6:03 of 1st period - Zac Leslie is hit by Markus Nutivaara and loses puck.
6:14 of 1st period - Snap shot by Tyler Bozak.
6:14 of 1st period - Shot Blocked by Matt Roy.
6:16 of 1st period - Snap shot by Louis Leblanc.
6:16 of 1st period - Stopped by Elvis Merzlikins without a rebound.
6:17 of 1st period - Louis Leblanc wins face-off versus Mike Amadio in Monarchs zone.
6:54 of 1st period - Wrist shot by Alex Tuch.
6:54 of 1st period - Goal by Alex Tuch - Monarchs : 0 - Condors : 1.
6:55 of 1st period - Tyler Bozak wins face-off versus Daultan Leveillé in neutral zone.
8:13 of 1st period - Kasperi Kapanen is hit by Josh Manson and loses puck.
9:31 of 1st period - Wrist shot by Kasperi Kapanen.
9:31 of 1st period - Shot Blocked by Jeff Petry.
9:33 of 1st period - Slapshot by Carl Gunnarsson.
9:33 of 1st period - Shot Blocked by Jeff Petry.
9:35 of 1st period - Slapshot by Tyler Bozak.
9:35 of 1st period - Deflect By Max Domi.
9:35 of 1st period - Shot Misses the Net.
9:35 of 1st period - Puck is out of play.
9:36 of 1st period - Tyler Bozak wins face-off versus Max Domi in Monarchs zone.
10:09 of 1st period - Off-side.
10:10 of 1st period - Anton Slepyshev wins face-off versus Riley Armstrong in neutral zone.
10:19 of 1st period - Snap shot by Anton Slepyshev.
10:19 of 1st period - Stopped by Elvis Merzlikins with a rebound.
10:21 of 1st period - Wrist shot by Kasperi Kapanen.
10:21 of 1st period - Stopped by Elvis Merzlikins with a rebound.
10:23 of 1st period - Slapshot by Erik Cernak.
10:23 of 1st period - Deflect By Anton Slepyshev.
10:23 of 1st period - Stopped by Elvis Merzlikins without a rebound.
10:24 of 1st period - Daultan Leveillé wins face-off versus Alex Tuch in Monarchs zone.
11:14 of 1st period - Markus Nutivaara is hit by Carl Gunnarsson and loses puck.
11:55 of 1st period - Slapshot by Tyler Bozak.
11:55 of 1st period - Shot Misses the Net.
11:57 of 1st period - Slapshot by Tyler Bozak.
11:57 of 1st period - Stopped by Elvis Merzlikins with a rebound.
11:59 of 1st period - Snap shot by Tyler Bozak.
11:59 of 1st period - Stopped by Elvis Merzlikins with a rebound.
12:15 of 1st period - Zac Leslie is hit by Alex Iafallo and loses puck.
12:35 of 1st period - Off-side.
12:36 of 1st period - Connor Hurley wins face-off versus Mike Amadio in neutral zone.
12:39 of 1st period - Teemu Hartikainen is hit by Mikko Lehtonen and loses puck.
13:02 of 1st period - Daultan Leveillé is hit by Brett Lernout and loses puck.
13:23 of 1st period - Riley Armstrong is hit by Mark Jankowski and loses puck.
14:14 of 1st period - Snap shot by Max Domi.
14:14 of 1st period - Stopped by Ilya Samsonov with a rebound.
14:18 of 1st period - Wrist shot by Mikko Rantanen.
14:18 of 1st period - Stopped by Ilya Samsonov with a rebound.
16:12 of 1st period - Snap shot by Nail Yakupov.
16:12 of 1st period - Stopped by Elvis Merzlikins with a rebound.
16:22 of 1st period - Snap shot by Mikko Rantanen.
16:22 of 1st period - Shot Misses the Net.
16:52 of 1st period - Snap shot by Tyler Bozak.
16:52 of 1st period - Stopped by Elvis Merzlikins without a rebound.
16:53 of 1st period - Alex Iafallo wins face-off versus Tyler Bozak in Monarchs zone.
17:05 of 1st period - Wrist shot by Kasperi Kapanen.
17:05 of 1st period - Shot Misses the Net.
17:07 of 1st period - Snap shot by Kasperi Kapanen.
17:07 of 1st period - Stopped by Elvis Merzlikins without a rebound.
17:08 of 1st period - Daultan Leveillé wins face-off versus Mark Jankowski in Monarchs zone.
17:41 of 1st period - Wrist shot by Denis Gurianov.
17:41 of 1st period - Goal by Denis Gurianov - Monarchs : 1 - Condors : 1.
17:42 of 1st period - Daultan Leveillé wins face-off versus Tyler Bozak in neutral zone.
18:12 of 1st period - Wrist shot by Travis Konecny.
18:12 of 1st period - Shot Misses the Net.
18:25 of 1st period - Off-side.
18:26 of 1st period - Mike Amadio wins face-off versus Daniel Zaar in neutral zone.
18:29 of 1st period - Snap shot by Teemu Hartikainen.
18:29 of 1st period - Stopped by Ilya Samsonov with a rebound.
19:01 of 1st period - Wrist shot by Nail Yakupov.
19:01 of 1st period - Stopped by Elvis Merzlikins without a rebound.
19:02 of 1st period - Kasperi Kapanen wins face-off versus Daultan Leveillé in Monarchs zone.
19:36 of 1st period - Snap shot by Alex Iafallo.
19:36 of 1st period - Stopped by Ilya Samsonov with a rebound.
19:38 of 1st period - Wrist shot by Travis Konecny.
19:38 of 1st period - Stopped by Ilya Samsonov without a rebound.
19:39 of 1st period - Tyler Bozak wins face-off versus Daultan Leveillé in Condors zone.
19:48 of 1st period - Wrist shot by Kasperi Kapanen.
19:48 of 1st period - Shot Blocked by Josh Manson.
19:50 of 1st period - Slapshot by Olli Maatta.
19:50 of 1st period - Shot Misses the Net.
19:52 of 1st period - Wrist shot by Kasperi Kapanen.
19:52 of 1st period - Stopped by Elvis Merzlikins with a rebound.
19:54 of 1st period - Snap shot by Anton Slepyshev.
19:54 of 1st period - Shot Misses the Net.
Goals for this period are 1 for Monarchs vs 1 for Condors.
Shots for this period are 9 for Monarchs vs 19 for Condors.
2nd period
0:01 of 2nd period - Daultan Leveillé wins face-off versus Tyler Bozak in neutral zone.
0:28 of 2nd period - Off-side.
0:29 of 2nd period - Mark Jankowski wins face-off versus Travis Konecny in neutral zone.
0:29 of 2nd period - Mark Jankowski is hit by Riley Armstrong.
1:21 of 2nd period - Slapshot by Daniel Zaar.
1:21 of 2nd period - Stopped by Elvis Merzlikins without a rebound.
1:22 of 2nd period - Riley Armstrong wins face-off versus Mark Jankowski in Monarchs zone.
1:51 of 2nd period - Snap shot by Tyler Bozak.
1:51 of 2nd period - Shot Misses the Net.
2:07 of 2nd period - Teemu Hartikainen is hit by Louis Leblanc and loses puck.
2:28 of 2nd period - Wrist shot by C.J Suess.
2:28 of 2nd period - Stopped by Elvis Merzlikins without a rebound.
2:29 of 2nd period - Connor Hurley wins face-off versus Andy Andreoff in Monarchs zone.
2:32 of 2nd period - Slapshot by C.J Suess.
2:32 of 2nd period - Stopped by Elvis Merzlikins without a rebound.
2:33 of 2nd period - Connor Hurley wins face-off versus Riley Armstrong in Monarchs zone.
2:47 of 2nd period - Minor Penalty to Connor Hurley for High sticking.
2:48 of 2nd period - Travis Konecny wins face-off versus Mark Jankowski in Condors zone.
2:57 of 2nd period - Wrist shot by Travis Konecny.
2:57 of 2nd period - Shot Blocked by Olli Maatta.
3:01 of 2nd period - Wrist shot by Travis Konecny.
3:01 of 2nd period - Deflect By Mikko Rantanen.
3:01 of 2nd period - Shot Misses the Net.
3:01 of 2nd period - Puck is out of play.
3:02 of 2nd period - Mark Jankowski wins face-off versus Mikko Rantanen in Condors zone.
4:00 of 2nd period - Wrist shot by Daniel Zaar.
4:00 of 2nd period - Shot Blocked by Roman Josi.
4:10 of 2nd period - Slapshot by Roman Josi.
4:10 of 2nd period - Stopped by Ilya Samsonov with a rebound.
4:44 of 2nd period - Travis Konecny is hit by Brett Lernout and loses puck.
4:47 of 2nd period - Penalty to Connor Hurley is over, Connor Hurley is back on ice.
4:51 of 2nd period - Snap shot by Andrew Mangiapane.
4:51 of 2nd period - Shot Misses the Net.
4:55 of 2nd period - Slapshot by Andrew Mangiapane.
4:55 of 2nd period - Shot Misses the Net.
4:57 of 2nd period - Wrist shot by Louis Leblanc.
4:57 of 2nd period - Shot Misses the Net.
4:59 of 2nd period - Slapshot by Brett Lernout.
4:59 of 2nd period - Deflect By Andrew Mangiapane.
4:59 of 2nd period - Stopped by Elvis Merzlikins with a rebound.
5:01 of 2nd period - Slapshot by Louis Leblanc.
5:01 of 2nd period - Stopped by Elvis Merzlikins without a rebound.
5:02 of 2nd period - Kasperi Kapanen wins face-off versus Andy Andreoff in Monarchs zone.
5:03 of 2nd period - Wrist shot by Tyler Bozak.
5:03 of 2nd period - Shot Misses the Net.
5:05 of 2nd period - Snap shot by Kasperi Kapanen.
5:05 of 2nd period - Shot Blocked by Noah Hanifin.
5:07 of 2nd period - Snap shot by Tyler Bozak.
5:07 of 2nd period - Shot Blocked by Andy Andreoff.
5:41 of 2nd period - Minor Penalty to Jordan Greenway for Roughing.
5:42 of 2nd period - Tyler Bozak wins face-off versus Mike Amadio in Monarchs zone.
5:55 of 2nd period - Snap shot by Tyler Bozak.
5:55 of 2nd period - Stopped by Elvis Merzlikins without a rebound.
5:56 of 2nd period - Tyler Bozak wins face-off versus Mike Amadio in Monarchs zone.
6:03 of 2nd period - Backhand shot by Alex Tuch.
6:03 of 2nd period - Shot Misses the Net.
7:12 of 2nd period - Icing by Mark Jankowski.
7:13 of 2nd period - Mark Jankowski wins face-off versus Daultan Leveillé in Condors zone.
7:38 of 2nd period - Snap shot by Kasperi Kapanen.
7:38 of 2nd period - Stopped by Elvis Merzlikins without a rebound.
7:39 of 2nd period - Teemu Hartikainen wins face-off versus Tyler Bozak in Monarchs zone.
7:41 of 2nd period - Penalty to Jordan Greenway is over, Jordan Greenway is back on ice.
8:04 of 2nd period - Chris Bigras is hit by Riley Armstrong and loses puck.
8:09 of 2nd period - Snap shot by Travis Konecny.
8:09 of 2nd period - Goal by Travis Konecny - Monarchs : 2 - Condors : 1.
8:10 of 2nd period - Tyler Bozak wins face-off versus Daultan Leveillé in neutral zone.
8:31 of 2nd period - Minor Penalty to Markus Nutivaara for Holding.
8:32 of 2nd period - Tyler Bozak wins face-off versus Mike Amadio in Monarchs zone.
9:01 of 2nd period - Roman Josi is hit by Mark Jankowski and loses puck.
10:31 of 2nd period - Penalty to Markus Nutivaara is over, Markus Nutivaara is back on ice.
10:38 of 2nd period - Mikko Rantanen is hit by Louis Leblanc and loses puck.
10:53 of 2nd period - Slapshot by Matt Roy.
10:53 of 2nd period - Stopped by Ilya Samsonov with a rebound.
11:21 of 2nd period - Anton Slepyshev is hit by Teemu Hartikainen and loses puck.
11:34 of 2nd period - Alex Iafallo is hit by Alex Tuch and loses puck.
11:55 of 2nd period - Andrew Mangiapane is hit by Kurtis Macdermid and loses puck.
12:34 of 2nd period - Snap shot by Roman Josi.
12:34 of 2nd period - Stopped by Ilya Samsonov without a rebound.
12:35 of 2nd period - Connor Hurley wins face-off versus Alex Iafallo in Condors zone.
12:53 of 2nd period - Icing by Daultan Leveillé.
12:54 of 2nd period - Daultan Leveillé wins face-off versus Tyler Bozak in Monarchs zone.
12:54 of 2nd period - Daultan Leveillé is hit by Kasperi Kapanen.
13:10 of 2nd period - Snap shot by Tyler Bozak.
13:10 of 2nd period - Stopped by Elvis Merzlikins without a rebound.
13:11 of 2nd period - Alex Tuch wins face-off versus Riley Armstrong in Monarchs zone.
13:18 of 2nd period - Snap shot by Nail Yakupov.
13:18 of 2nd period - Goal by Nail Yakupov - Monarchs : 2 - Condors : 2.
13:19 of 2nd period - Riley Armstrong wins face-off versus Tyler Bozak in neutral zone.
13:28 of 2nd period - Wrist shot by Travis Konecny.
13:28 of 2nd period - Stopped by Ilya Samsonov without a rebound.
13:29 of 2nd period - Riley Armstrong wins face-off versus Tyler Bozak in Condors zone.
13:30 of 2nd period - Snap shot by Travis Konecny.
13:30 of 2nd period - Shot Misses the Net.
13:32 of 2nd period - Snap shot by Travis Konecny.
13:32 of 2nd period - Goal by Travis Konecny - Monarchs : 3 - Condors : 2.
13:33 of 2nd period - Riley Armstrong wins face-off versus Tyler Bozak in neutral zone.
13:35 of 2nd period - Off-side.
13:36 of 2nd period - Riley Armstrong wins face-off versus Tyler Bozak in neutral zone.
13:41 of 2nd period - Slapshot by Zach Werenski.
13:41 of 2nd period - Shot Misses the Net.
14:16 of 2nd period - Daultan Leveillé is hit by Mark Jankowski and loses puck.
14:34 of 2nd period - Minor Penalty to Denis Gurianov for Interference.
14:35 of 2nd period - Mike Amadio wins face-off versus Tyler Bozak in Monarchs zone.
14:45 of 2nd period - Slapshot by Carl Gunnarsson.
14:45 of 2nd period - Stopped by Elvis Merzlikins without a rebound.
14:46 of 2nd period - Mike Amadio wins face-off versus Tyler Bozak in Monarchs zone.
15:17 of 2nd period - Wrist shot by Mark Jankowski.
15:17 of 2nd period - Stopped by Elvis Merzlikins with a rebound.
15:23 of 2nd period - Wrist shot by Mark Jankowski.
15:23 of 2nd period - Stopped by Elvis Merzlikins without a rebound.
15:24 of 2nd period - Daultan Leveillé wins face-off versus Tyler Bozak in Monarchs zone.
15:51 of 2nd period - Jeff Petry is hit by Mark Jankowski and loses puck.
16:34 of 2nd period - Penalty to Denis Gurianov is over, Denis Gurianov is back on ice.
17:09 of 2nd period - Snap shot by Daniel Zaar.
17:09 of 2nd period - Deflect By Andrew Mangiapane.
17:09 of 2nd period - Shot Misses the Net.
17:09 of 2nd period - Puck is out of play.
17:10 of 2nd period - Louis Leblanc wins face-off versus Jordan Greenway in Monarchs zone.
17:19 of 2nd period - Wrist shot by Daniel Zaar.
17:19 of 2nd period - Goal by Daniel Zaar - Monarchs : 3 - Condors : 3.
17:20 of 2nd period - Riley Armstrong wins face-off versus Tyler Bozak in neutral zone.
17:29 of 2nd period - Snap shot by Travis Konecny.
17:29 of 2nd period - Stopped by Ilya Samsonov with a rebound.
17:45 of 2nd period - Max Domi is hit by Carl Gunnarsson and loses puck.
17:52 of 2nd period - Snap shot by Nail Yakupov.
17:52 of 2nd period - Shot Blocked by Roman Josi.
17:54 of 2nd period - Wrist shot by Mark Jankowski.
17:54 of 2nd period - Stopped by Elvis Merzlikins without a rebound.
17:55 of 2nd period - Mark Jankowski wins face-off versus Riley Armstrong in Monarchs zone.
18:06 of 2nd period - Snap shot by Alex Tuch.
18:06 of 2nd period - Shot Blocked by Josh Manson.
18:08 of 2nd period - Wrist shot by Nail Yakupov.
18:08 of 2nd period - Stopped by Elvis Merzlikins with a rebound.
18:10 of 2nd period - Slapshot by Zac Leslie.
18:10 of 2nd period - Stopped by Elvis Merzlikins with a rebound.
18:28 of 2nd period - Slapshot by Max Domi.
18:28 of 2nd period - Stopped by Ilya Samsonov without a rebound.
18:29 of 2nd period - Mark Jankowski wins face-off versus Daultan Leveillé in Condors zone.
18:40 of 2nd period - Wrist shot by Mikko Rantanen.
18:40 of 2nd period - Shot Blocked by Carl Gunnarsson.
18:42 of 2nd period - Wrist shot by Daultan Leveillé.
18:42 of 2nd period - Goal by Daultan Leveillé - Monarchs : 4 - Condors : 3.
18:43 of 2nd period - Riley Armstrong wins face-off versus Tyler Bozak in neutral zone.
18:46 of 2nd period - Slapshot by Markus Nutivaara.
18:46 of 2nd period - Stopped by Ilya Samsonov without a rebound.
18:47 of 2nd period - Tyler Bozak wins face-off versus Riley Armstrong in Condors zone.
19:42 of 2nd period - Slapshot by Josh Manson.
19:42 of 2nd period - Stopped by Ilya Samsonov without a rebound.
19:43 of 2nd period - Tyler Bozak wins face-off versus Daultan Leveillé in Condors zone.
19:52 of 2nd period - Snap shot by Tyler Bozak.
19:52 of 2nd period - Stopped by Elvis Merzlikins with a rebound.
Goals for this period are 3 for Monarchs vs 2 for Condors.
Shots for this period are 11 for Monarchs vs 17 for Condors.
3rd period
0:01 of 3rd period - Riley Armstrong wins face-off versus Tyler Bozak in neutral zone.
0:12 of 3rd period - Slapshot by Anton Slepyshev.
0:12 of 3rd period - Shot Misses the Net.
0:31 of 3rd period - Snap shot by Zach Werenski.
0:31 of 3rd period - Deflect By Riley Armstrong.
0:31 of 3rd period - Shot Misses the Net.
0:31 of 3rd period - Puck is out of play.
0:32 of 3rd period - Louis Leblanc wins face-off versus Daultan Leveillé in Condors zone.
0:32 of 3rd period - Louis Leblanc is hit by Daultan Leveillé.
1:19 of 3rd period - Riley Armstrong is hit by Louis Leblanc and loses puck.
1:32 of 3rd period - Snap shot by Daniel Zaar.
1:32 of 3rd period - Shot Blocked by Zach Werenski.
1:34 of 3rd period - Slapshot by Louis Leblanc.
1:34 of 3rd period - Deflect By Andrew Mangiapane.
1:34 of 3rd period - Stopped by Elvis Merzlikins with a rebound.
1:36 of 3rd period - Slapshot by Carl Gunnarsson.
1:36 of 3rd period - Stopped by Elvis Merzlikins with a rebound.
1:38 of 3rd period - Slapshot by Eric Gustafsson.
1:38 of 3rd period - Stopped by Elvis Merzlikins without a rebound.
1:39 of 3rd period - Andy Andreoff wins face-off versus Tyler Bozak in Monarchs zone.
1:39 of 3rd period - Andy Andreoff is hit by Anton Slepyshev.
1:55 of 3rd period - Slapshot by Roman Josi.
1:55 of 3rd period - Deflect By Andy Andreoff.
1:55 of 3rd period - Shot Blocked by Kasperi Kapanen.
1:55 of 3rd period - Puck is out of play.
1:56 of 3rd period - Mark Jankowski wins face-off versus Daultan Leveillé in Condors zone.
2:03 of 3rd period - Slapshot by Carl Gunnarsson.
2:03 of 3rd period - Stopped by Elvis Merzlikins with a rebound.
2:15 of 3rd period - Daultan Leveillé is hit by Carl Gunnarsson.
2:41 of 3rd period - Jeff Petry is hit by Eric Gustafsson and loses puck.
3:36 of 3rd period - Wrist shot by Max Domi.
3:36 of 3rd period - Stopped by Ilya Samsonov with a rebound.
3:38 of 3rd period - Slapshot by Daultan Leveillé.
3:38 of 3rd period - Shot Blocked by Carl Gunnarsson.
3:40 of 3rd period - Slapshot by Mikko Rantanen.
3:40 of 3rd period - Shot Misses the Net.
3:42 of 3rd period - Wrist shot by Daultan Leveillé.
3:42 of 3rd period - Shot Misses the Net.
4:00 of 3rd period - Slapshot by Eric Gustafsson.
4:00 of 3rd period - Stopped by Elvis Merzlikins with a rebound.
4:16 of 3rd period - Snap shot by Alex Iafallo.
4:16 of 3rd period - Stopped by Ilya Samsonov with a rebound.
4:18 of 3rd period - Wrist shot by Markus Nutivaara.
4:18 of 3rd period - Shot Misses the Net.
4:20 of 3rd period - Slapshot by Travis Konecny.
4:20 of 3rd period - Shot Blocked by Zac Leslie.
4:22 of 3rd period - Slapshot by Riley Armstrong.
4:22 of 3rd period - Shot Blocked by Olli Maatta.
4:48 of 3rd period - Wrist shot by Mikko Rantanen.
4:48 of 3rd period - Deflect By Max Domi.
4:48 of 3rd period - Shot Blocked by Tyler Bozak.
4:48 of 3rd period - Puck is out of play.
4:49 of 3rd period - Mike Amadio wins face-off versus Louis Leblanc in Condors zone.
5:04 of 3rd period - Slapshot by Zach Werenski.
5:04 of 3rd period - Deflect By Mike Amadio.
5:04 of 3rd period - Stopped by Ilya Samsonov with a rebound.
5:22 of 3rd period - Wrist shot by Riley Armstrong.
5:22 of 3rd period - Stopped by Ilya Samsonov with a rebound.
5:24 of 3rd period - Wrist shot by Riley Armstrong.
5:24 of 3rd period - Stopped by Ilya Samsonov without a rebound.
5:25 of 3rd period - Tyler Bozak wins face-off versus Daultan Leveillé in Condors zone.
5:29 of 3rd period - Off-side.
5:30 of 3rd period - Tyler Bozak wins face-off versus Mikko Rantanen in neutral zone.
5:55 of 3rd period - Slapshot by Zach Werenski.
5:55 of 3rd period - Deflect By Olli Maatta.
5:55 of 3rd period - Stopped by Ilya Samsonov with a rebound.
6:03 of 3rd period - Snap shot by Riley Armstrong.
6:03 of 3rd period - Stopped by Ilya Samsonov with a rebound.
6:34 of 3rd period - Zac Leslie is hit by Josh Anderson and loses puck.
7:44 of 3rd period - Snap shot by Mikko Lehtonen.
7:44 of 3rd period - Shot Blocked by Josh Manson.
8:30 of 3rd period - Carl Gunnarsson is hit by Riley Armstrong and loses puck.
8:51 of 3rd period - Denis Gurianov is hit by Kasperi Kapanen.
9:09 of 3rd period - Mark Jankowski is hit by Max Domi.
9:54 of 3rd period - Snap shot by Andy Andreoff.
9:54 of 3rd period - Stopped by Ilya Samsonov with a rebound.
9:56 of 3rd period - Wrist shot by Jeff Petry.
9:56 of 3rd period - Stopped by Ilya Samsonov with a rebound.
10:10 of 3rd period - Wrist shot by Olli Maatta.
10:10 of 3rd period - Shot Hit the Post.
10:28 of 3rd period - Brett Lernout is hit by Mikko Rantanen and loses puck.
10:51 of 3rd period - Snap shot by Alex Iafallo.
10:51 of 3rd period - Stopped by Ilya Samsonov with a rebound.
10:53 of 3rd period - Slapshot by Roman Josi.
10:53 of 3rd period - Stopped by Ilya Samsonov with a rebound.
10:55 of 3rd period - Slapshot by Roman Josi.
10:55 of 3rd period - Deflect By C.J Suess.
10:55 of 3rd period - Stopped by Ilya Samsonov with a rebound.
10:57 of 3rd period - Wrist shot by Alex Iafallo.
10:57 of 3rd period - Stopped by Ilya Samsonov without a rebound.
10:58 of 3rd period - Tyler Bozak wins face-off versus Daultan Leveillé in Condors zone.
10:58 of 3rd period - Carl Gunnarsson is hit by Daultan Leveillé and loses puck.
12:28 of 3rd period - Slapshot by Andy Andreoff.
12:28 of 3rd period - Deflect By Jordan Greenway.
12:28 of 3rd period - Stopped by Ilya Samsonov without a rebound.
12:29 of 3rd period - Andy Andreoff wins face-off versus Tyler Bozak in Condors zone.
12:32 of 3rd period - Slapshot by Josh Anderson.
12:32 of 3rd period - Deflect By Andy Andreoff.
12:32 of 3rd period - Shot Misses the Net.
12:32 of 3rd period - Puck is out of play.
12:33 of 3rd period - Tyler Bozak wins face-off versus Daultan Leveillé in Condors zone.
12:40 of 3rd period - Wrist shot by Mikko Rantanen.
12:40 of 3rd period - Stopped by Ilya Samsonov with a rebound.
12:42 of 3rd period - Snap shot by Daultan Leveillé.
12:42 of 3rd period - Shot Misses the Net.
13:00 of 3rd period - Travis Konecny is hit by Carl Gunnarsson and loses puck.
13:39 of 3rd period - Wrist shot by Mikko Lehtonen.
13:39 of 3rd period - Goal by Mikko Lehtonen - Monarchs : 4 - Condors : 4.
13:40 of 3rd period - Tyler Bozak wins face-off versus Daultan Leveillé in neutral zone.
14:52 of 3rd period - Snap shot by C.J Suess.
14:52 of 3rd period - Shot Blocked by Jeff Petry.
15:08 of 3rd period - Kasperi Kapanen is hit by Daultan Leveillé.
16:35 of 3rd period - Backhand shot by Alex Tuch.
16:35 of 3rd period - Stopped by Elvis Merzlikins with a rebound.
17:17 of 3rd period - Anton Slepyshev is hit by Markus Nutivaara and loses puck.
17:40 of 3rd period - Slapshot by Mikko Rantanen.
17:40 of 3rd period - Stopped by Ilya Samsonov without a rebound.
17:41 of 3rd period - Daultan Leveillé wins face-off versus Louis Leblanc in Condors zone.
17:46 of 3rd period - Snap shot by Max Domi.
17:46 of 3rd period - Shot Misses the Net.
17:48 of 3rd period - Wrist shot by Daultan Leveillé.
17:48 of 3rd period - Shot Misses the Net.
17:50 of 3rd period - Snap shot by Max Domi.
17:50 of 3rd period - Shot Misses the Net.
17:52 of 3rd period - Snap shot by Max Domi.
17:52 of 3rd period - Shot Misses the Net.
17:54 of 3rd period - Wrist shot by Max Domi.
17:54 of 3rd period - Stopped by Ilya Samsonov with a rebound.
17:56 of 3rd period - Wrist shot by Mikko Rantanen.
17:56 of 3rd period - Stopped by Ilya Samsonov with a rebound.
18:22 of 3rd period - Icing by Mark Jankowski.
18:23 of 3rd period - Tyler Bozak wins face-off versus Riley Armstrong in Condors zone.
18:39 of 3rd period - Snap shot by Travis Konecny.
18:39 of 3rd period - Deflect By Alex Iafallo.
18:39 of 3rd period - Stopped by Ilya Samsonov without a rebound.
18:40 of 3rd period - Louis Leblanc wins face-off versus Mike Amadio in Condors zone.
Goals for this period are 0 for Monarchs vs 1 for Condors.
Shots for this period are 19 for Monarchs vs 7 for Condors.
Overtime #1
0:01 of 1st overtime period - Max Domi wins face-off versus Tyler Bozak in neutral zone.
0:04 of 1st overtime period - Slapshot by Zach Werenski.
0:04 of 1st overtime period - Deflect By Max Domi.
0:04 of 1st overtime period - Stopped by Ilya Samsonov with a rebound.
1:12 of 1st overtime period - Snap shot by Louis Leblanc.
1:12 of 1st overtime period - Stopped by Elvis Merzlikins with a rebound.
1:38 of 1st overtime period - Mikko Rantanen is hit by Mark Jankowski and loses puck.
1:53 of 1st overtime period - Travis Konecny is hit by Alex Tuch and loses puck.
2:12 of 1st overtime period - Josh Manson is hit by Chris Bigras and loses puck.
3:23 of 1st overtime period - Wrist shot by Anton Slepyshev.
3:23 of 1st overtime period - Goal by Anton Slepyshev - Monarchs : 4 - Condors : 5.
Goals for this period are 0 for Monarchs vs 1 for Condors.
Shots for this period are 1 for Monarchs vs 2 for Condors.